 Dungeon Crawl Stone Soup version 0.21.1-1-g345015f (webtiles) character file.

6031 poirepourri the Cleaver (level 10, -8/94 HPs)
             Began as a Deep Dwarf Fighter on July 20, 2018.
             Was a Believer of Makhleb.
             Killed by the air
             ... invoked by Gastronok
              (22 damage)
             ... on level 10 of the Dungeon.
             The game lasted 00:08:20 (3113 turns).

poirepourri the Cleaver (Deep Dwarf Fighter)        Turns: 3113, Time: 00:08:21

Health: -8/94      AC:  9    Str: 21    XL:     10   Next: 56%
Magic:  4/4        EV: 13    Int:  8    God:    Makhleb [**....]
Gold:   280        SH: 11    Dex: 18    Spells: 9/9 levels left

rFire    . . .     SeeInvis .   a - +3 war axe
rCold    . . .     Gourm    .   c - +1 shield
rNeg     . . .     Faith    .   b - +0 scale mail
rPois    .         Spirit   .   (no helmet)
rElec    .         Reflect  .   j - +1 cloak
rCorr    +         Harm     .   (no gloves)
MR       +....                  (no boots)
Stlth    ..........             (no amulet)
HPRegen  0.00/turn              n - +3 ring of dexterity
MPRegen  0.09/turn              u - ring of resist corrosion

@: non-regenerating
A: damage resistance, heal wounds, sense surroundings 2, no regeneration
a: Heal Wounds, Minor Destruction, Renounce Religion


You were on level 10 of the Dungeon.
You worshipped Makhleb.
Makhleb was pleased with you.
You were not hungry.

You visited 2 branches of the dungeon, and saw 11 of its levels.

You collected 280 gold pieces.

Inventory:

Hand Weapons
 a - a +3 war axe (weapon)
 e - a +0 hunting sling
Missiles
 i - 77 bolts
Armour
 b - a +0 scale mail (worn)
 c - a +1 shield (worn)
 j - a +1 cloak (worn)
Jewellery
 k - an uncursed ring of stealth
 n - a +3 ring of dexterity (left hand)
 u - a ring of resist corrosion (right hand)
Wands
 h - a wand of flame (55)
 l - a wand of paralysis (6)
 r - a wand of iceblast (11)
Scrolls
 o - a scroll of amnesia
 p - a scroll of teleportation
 t - a scroll of remove curse
Potions
 d - a potion of berserk rage
 q - a potion of flight {unknown}
 v - a potion of brilliance
Books
 g - a book of Callings

   Spells                             Type                      Level
   a - Summon Small Mammal            Summoning                    1
   b - Call Imp                       Summoning                    2
   c - Call Canine Familiar           Summoning                    3
   d - Summon Guardian Golem          Hexes/Summoning              3
   e - Summon Lightning Spire         Summoning/Air                4
   f - Summon Ice Beast               Ice/Summoning                4
Comestibles
 f - 12 rations


   Skills:
 - Level 7.2 Fighting
 - Level 13.1 Axes
 - Level 3.2 Armour
 + Level 7.9 Dodging
 - Level 3.2 Shields


You had 9 spell levels left.
You didn't know any spells.

Dungeon Overview and Level Annotations

Branches:
Dungeon (10/15)            Temple (1/1) D:4
   Lair: D:8-11         Orc: D:9-12

Altars:
Dithmenos
Fedhas
Gozag
Hepliaklqana
Kikubaaqudgha
Makhleb
Nemelex Xobeh
Okawaru
Qazlal
Ru
Sif Muna
Trog
Uskayaw
Vehumet
Wu Jian
Zin
The Shining One

Shops:
D:4 (

Annotations:
D:10 Gastronok


Innate Abilities, Weirdness & Mutations

You are resistant to damage.
You can heal yourself by infusing magical energy.
You passively map the area around you.
You do not regenerate.


Message History

Gastronok is moderately wounded.
You hit the river rat.
You kill the river rat!
The river rat's corpse disappears in a puff of smoke!
You hit the bat.
You kill the bat!
The bat's corpse disappears in a puff of smoke!
You slash Gastronok!
Gastronok is moderately wounded.
Gastronok waves his eye-stalks in wide circles.
The air twists around and strikes you!
* * * LOW HITPOINT WARNING * * *
You slash Gastronok!
Gastronok is moderately wounded.
Unknown command.
You slash Gastronok!
Gastronok is heavily wounded.
Gastronok waves his eye-stalks in wide circles.
The air twists around and strikes you!
You die...

, , * ,, , #.. .....#
,, * ,, , #.. .....#
, ,,#.. ,....# , , ,
,#.# * #..# , , * , *
####.#######..####+#
, * *
...............ยง...#
, *
...................#
,,,
...............w@..+
*
##...##...##.>.....#
,
##...##...##.......#
,
.....#....##########
, , .....#....#* , *
,, , ##...##..?., , ,
,, ##'####...## ,, ,,
,, ##..)##...#*, ,, ,
, , ##....#,,,*, , ,
, ,


You could see Gastronok.

Vanquished Creatures
  Harold (D:10)
  A two-headed ogre (D:8)
  2 trolls (D:9)
  A hippogriff (D:10)
  Sigmund (D:5)
  A human (D:7)
  3 hogs (D:7)
  A wyvern (D:9)
  Eustachio (D:5)
  A yak (D:7)
  Grum (D:8)
  A hungry ghost (D:7)
  An ice beast (D:5)
  2 phantoms
  2 black bears (D:9)
  5 ogres
  2 wolves (D:8)
  A centaur (D:8)
  A big kobold (D:8)
  5 bullfrogs
  A gnoll sergeant (D:9)
  A scorpion (D:8)
  6 killer bees (D:8)
  3 howler monkeys
  A quasit (D:10)
  2 jellies
  2 hounds
  3 orc priests (D:5)
  3 orc wizards
  A centaur skeleton (D:4)
  An iguana (D:8)
  A killer bee zombie (D:8)
  2 hound skeletons
  7 gnolls
  11 adders
  5 shadow imps
  A worm (D:5)
  7 leopard geckos
  14 orcs
  A giant cockroach (D:2)
  5 goblins
  7 hobgoblins
  6 jackals
  3 quokkas
  3 ball pythons
  6 bats
  4 frilled lizards
  9 kobolds
  5 rats
155 creatures vanquished.

Notes
Turn   | Place    | Note
-------+----------+-------------------------------------------
     0 | D:1      | poirepourri the Deep Dwarf Fighter began the quest for the Orb.
     0 | D:1      | Reached XP level 1. HP: 20/20 MP: 1/1
   158 | D:2      | Reached skill level 3 in Axes
   158 | D:2      | Reached XP level 2. HP: 24/27 MP: 2/2
   223 | D:2      | Reached skill level 4 in Axes
   223 | D:2      | Reached XP level 3. HP: 16/33 MP: 3/3
   419 | D:3      | Reached XP level 4. HP: 23/40 MP: 4/4
   455 | D:3      | Found an opulent altar of Gozag.
   496 | D:3      | Reached skill level 5 in Axes
   792 | D:4      | Found an iron altar of Okawaru.
   870 | D:4      | Noticed a phantom
   876 | D:4      | Reached XP level 5. HP: 26/46 MP: 5/5
   880 | D:4      | Reached skill level 6 in Axes
   902 | D:4      | Found Foexzyup's Weapon Shop.
   926 | D:4      | Killed a phantom
  1008 | D:4      | Found a staircase to the Ecumenical Temple.
  1073 | Temple   | Entered the Ecumenical Temple
  1125 | Temple   | Became a worshipper of Makhleb the Destroyer
  1356 | D:5      | Entered Level 5 of the Dungeon
  1364 | D:5      | Reached skill level 7 in Axes
  1364 | D:5      | Reached XP level 6. HP: 44/55 MP: 5/5
  1386 | D:5      | Reached skill level 8 in Axes
  1401 | D:5      | Noticed Sigmund
  1413 | D:5      | Killed Sigmund
  1413 | D:5      | Reached XP level 7. HP: 27/61 MP: 6/6
  1444 | D:5      | Reached skill level 9 in Axes
  1540 | D:5      | Noticed Eustachio
  1611 | D:5      | Killed Eustachio
  1611 | D:5      | Reached skill level 10 in Axes
  1626 | D:5      | Reached XP level 8. HP: 17/68 MP: 6/6
  1964 | D:7      | Reached * piety under Makhleb
  1970 | D:7      | Reached skill level 11 in Axes
  2205 | D:7      | Reached skill level 12 in Axes
  2218 | D:7      | Gained mutation: You passively map the area around you. [Deep Dwarf growth]
  2218 | D:7      | Reached XP level 9. HP: 31/74 MP: 5/5
  2392 | D:8      | Noticed Grum
  2392 | D:8      | Reached skill level 13 in Axes
  2415 | D:8      | Noticed a two-headed ogre
  2423 | D:8      | Killed Grum
  2423 | D:8      | Reached skill level 5 in Fighting
  2430 | D:8      | Killed a two-headed ogre
  2432 | D:8      | HP: 3/85 [poisoned by a killer bee]
  2440 | D:8      | Reached ** piety under Makhleb
  2637 | D:8      | Reached skill level 1 in Dodging
  2642 | D:8      | Reached XP level 10. HP: 68/94 MP: 5/5
  2779 | D:9      | Found a bloodstained altar of Trog.
  2806 | D:9      | Reached skill level 5 in Dodging
  2895 | D:10     | Entered Level 10 of the Dungeon
  2974 | D:10     | Noticed Harold
  2993 | D:10     | HP: 2/94 [Harold/bolt of fire (24)]
  2997 | D:10     | Killed Harold
  3084 | D:10     | Noticed Gastronok
  3113 | D:10     | Killed from afar by Gastronok

Skill      XL: |  1  2  3  4  5  6  7  8  9 10 |
---------------+-------------------------------+-----
Axes           | 3 4 5 7 8 10 12 13 | 13.1
Fighting       | 7 |  7.2
Dodging        | 1 7 |  7.9
Armour         | |  3.2
Shields        | |  3.2

Action                   |  1- 3 |  4- 6 |  7- 9 | 10-12 || total
-------------------------+-------+-------+-------+-------++-------
Melee: War axe           |    80 |   115 |   225 |   104 ||   524
 Abil: Heal Wounds       |     2 |     6 |    18 |    11 ||    37
Evoke: Wand              |       |       |    11 |     1 ||    12
  Use: Potion            |       |     3 |     5 |     1 ||     9
       Scroll            |       |     4 |     6 |     5 ||    15
 Stab: Distracted        |       |       |     1 |       ||     1
  Eat: Ration            |       |     1 |     2 |       ||     3
       Chunk             |       |       |     2 |       ||     2
Armor: Scale mail        |    24 |    68 |   168 |    64 ||   324
Dodge: Dodged            |    25 |    60 |   136 |    94 ||   315
Block: Shield            |    48 |   113 |   207 |   128 ||   496
